 Dungeon Crawl Stone Soup version 0.31-a0-965-g8a8ce12e04 (webtiles) character file.

Game seed: 11361641788619480943

217 Dordric the Changeling (level 5, -2/39 HPs)
             Began as a Demigod Shapeshifter on Oct 26, 2023.
             Slain by a bullfrog (7 damage)
             ... in a sewer.
             The game lasted 00:02:54 (2422 turns).

Dordric the Changeling (Demigod Shapeshifter)       Turns: 2422, Time: 00:02:54

Health: -2/39      AC:  9    Str: 19    XL:     5   Next: 35%
Magic:  7/7        EV: 11    Int: 12    God:
Gold:   101        SH:  0    Dex: 16    Spells: 4/4 levels left

rFire   + . .        q - +1 long sword of the Valley of Death {freeze, rF+ Dex+3 Stlth+}
rCold   + . .        (no shield)
rNeg    . . .        r - +4 ring mail
rPois   .            (helmet currently unavailable)
rElec   .            (cloak currently unavailable)
rCorr   .            (gloves currently unavailable)
SInv    .            (boots currently unavailable)
Will    .....        (no amulet)
Stlth   +            e - ring of protection from cold
HPRegen 0.26/turn    (no ring)
MPRegen 0.10/turn

%: no passive effects
@: beast-form, very slow
A: beast (slay +3), high MP 1, forlorn, divine attributes
a: Begin Untransformation


You were in a sewer.
You were a hulking beast.
You visited 1 branch of the dungeon, and saw 3 of its levels.
You also visited: Sewer.

You collected 101 gold pieces.

Inventory:

Hand Weapons
 q - the +1 long sword of the Valley of Death (weapon) {freeze, rF+ Dex+3 Stlth+}
   (You found it on level 3 of the Dungeon)

   Dex+3:     It affects your dexterity (+3).
   rF+:       It protects you from fire.
   Stlth+:    It makes you more stealthy.
Armour
 a - a +0 animal skin
 m - a +0 scale mail
 r - a +4 ring mail (worn)
 t - a +0 pair of gloves
Jewellery
 e - a ring of protection from cold (left hand)
Talismans
 c - a beast talisman (active)
 d - a flux talisman
Scrolls
 h - a scroll of noise {unknown}
 k - a scroll of poison {unknown}
 l - 3 scrolls of teleportation
 n - a scroll of immolation {unknown}
 o - a scroll of fear {unknown}
 p - a scroll of blinking
Potions
 b - a potion of lignification
 f - 2 potions of heal wounds {unknown}
 g - a potion of curing {unknown}
 i - a potion of degeneration {unknown}
 j - 2 potions of mutation {unknown}
 s - a potion of attraction {unknown}


   Skills:
 - Level 0.8 Fighting
 - Level 1.7 Dodging
 - Level 2.6 Unarmed Combat
 + Level 5.4 Shapeshifting


You had 4 spell levels left.
You didn't know any spells.
Your spell library contained the following spells:

 Spells                   Type           Power      Damage    Failure   Level
 Lesser Beckoning         Tloc           0%         N/A       65%         2
 Gell's Gravitas          Tloc           0%         N/A       86%         3
 Teleport Other           Tloc           0%         N/A       86%         3


Dungeon Overview and Level Annotations

Branches:
Dungeon (3/15)              Sewer (1/1)

Annotations:
D:3 2 transporters


Innate Abilities, Weirdness & Mutations

You are a hulking beast.
Your limbs bulge with bestial killing power. (Slay +3)
You have an increased reservoir of magic. (+10% MP)
You shall have no god before yourself.
Your divine heritage dramatically boosts your attributes as you level up.


Message History

The bullfrog hits you. x2
The bullfrog hits you but does no damage.
The frilled lizard misses you.
You are too injured to fight recklessly!
You are too injured to fight recklessly!
You are too injured to fight recklessly!
You are too injured to fight recklessly!
You are too injured to fight recklessly!
You are too injured to fight recklessly!
You are too injured to fight recklessly!
You are too injured to fight recklessly!
You are too injured to fight recklessly!
You are too injured to fight recklessly!
You are too injured to fight recklessly!
You are too injured to fight recklessly!
You are too injured to fight recklessly!
You are too injured to fight recklessly!
You are too injured to fight recklessly!
The bullfrog closely misses you.
The bullfrog hits you but does no damage.
The bullfrog hits you. The bullfrog barely misses you. The bullfrog misses you.
The bullfrog hits you. The frilled lizard closely misses you.
Your unstable footing causes you to fumble your attack.
The bullfrog closely misses you. The bullfrog barely misses you.
The frilled lizard bites you.
* * * LOW HITPOINT WARNING * * *
The bullfrog hits you.
* * * LOW HITPOINT WARNING * * *
The bullfrog misses you.
You barely miss the bullfrog.
The bullfrog is almost dead.
The bullfrog hits you.
* * * LOW HITPOINT WARNING * * *
The bullfrog hits you.
* * * LOW HITPOINT WARNING * * *
The frilled lizard barely misses you. The bullfrog closely misses you. x2
You closely miss the bullfrog.
The bullfrog is almost dead.
The bullfrog misses you. The bullfrog hits you!
You die...

#.~≈~.##~~~# #####
#.~≈~.##~~.#
≈≈≈≈≈###.~≈~.##~~.#
≈≈≈≈≈≈≈#.~≈~.##~~~#
≈≈≈≈≈≈≈#.~≈~.##...#
≈≈≈≈≈~≈~.~≈~.###~##
≈≈≈≈≈≈~≈.~≈~.# #.#
≈.≈≈≈≈≈≈.~≈~.# #.#
~~.≈≈≈≈≈Fh≈~.# #∩#
..(~≈≈≈≈Fl≈~.# #.#
.()?r≈≈≈~~≈~.# #∩#
≈r(~~≈≈≈≈~≈~.# #.#
≈..~.r≈≈~≈≈~.# ###
~.~.≈~≈~≈~.#
..~~≈~≈~≈~.#
~≈.~≈≈~≈≈~.#
≈≈~≈≈≈~≈≈~.#


You could see 2 bullfrogs, 2 quokkas and a frilled lizard.

Vanquished Creatures
  A scorpion (D:3)
  An orc priest (D:3)
  6 adders
  2 worms (D:2)
  2 dart slugs
  2 orcs (D:3)
  7 giant cockroaches
  6 goblins
  5 hobgoblins
  3 kobolds
  4 quokkas
  12 ball pythons
  3 bats
  10 frilled lizards
  5 rats
69 creatures vanquished.

Notes
Turn   | Place    | Note
-------+----------+-------------------------------------------
     0 | D:1      | Dordric the Demigod Shapeshifter began the quest for the
                  | Orb.
     0 | D:1      | Reached XP level 1. HP: 15/15 MP: 3/3
   270 | D:1      | Reached skill level 3 in Shapeshifting
   531 | D:1      | Reached XP level 2. HP: 22/22 MP: 4/4
  1147 | D:2      | Reached XP level 3. HP: 11/27 MP: 5/5
  1353 | D:2      | Reached skill level 4 in Shapeshifting
  1776 | D:3      | Reached XP level 4. HP: 25/34 MP: 6/6
  1911 | D:3      | Reached skill level 5 in Shapeshifting
  1911 | D:3      | Reached XP level 5. HP: 20/39 MP: 7/7
  1941 | D:3      | Identified the +1 long sword of the Valley of Death
                  | {freeze, rF+ Dex+3 Stlth+}
  2081 | D:3      | Found a transporter.
  2099 | D:3      | Found a transporter.
  2136 | D:3      | Found a glowing drain.
  2195 | Sewer    | Entered a sewer
  2422 | Sewer    | Slain by a bullfrog

Illustrated notes

Levels and vault maps discovered:
D:1:      lemuel_arrival_cross, layout_loops_corners
D:2:      layout_rooms, minmay_pentomino_r2
D:3:      gammafunk_wand_slinger, layout_basic,
          mainiacjoe_sewer_entry_somewhere_in_here_1, minmay_misc_feat_x
Sewer:    sewer_frog_island_01

Skill      XL: |  1  2  3  4 |
---------------+-------------+-----
Shapeshifting  | 3 4 5 |  5.4
Fighting       | |  0.8
Dodging        | |  1.7
Unarmed Combat | |  2.6

Action                     |  1- 3 |  4- 6 || total
---------------------------+-------+-------++-------
  Melee: Unarmed           |   134 |    24 ||   158
         Punch             |     6 |     1 ||     7
         Long sword        |       |    78 ||    78
    Use: Scroll            |     1 |       ||     1
   Stab: Sleeping          |     1 |       ||     1
 Armour: Animal skin       |    39 |       ||    39
         Scale mail        |    19 |    17 ||    36
         Ring mail         |       |   107 ||   107
  Dodge: Dodged            |    92 |   111 ||   203
   Form: Flux              |     1 |       ||     1
         Beast             |       |     1 ||     1

Table legend: (Time is in decaauts)
 A = Elapsed time spent in this place.
 B = Non-inter-level travel time spent in this place.
 C = Inter-level travel time spent in this place.
 D = Time resting spent in this place.
 E = Time spent auto-exploring this place.
 F = Levels seen in this place.
 G = Mean time per level.
                   A        B        C        D        E       F      G
               +--------+--------+--------+--------+--------+-----+--------+
         Total |   2472 |   2432 |     40 |    199 |   1692 |   4 |  618.0 |
       Dungeon |   2199 |   2159 |     40 |    199 |   1550 |   3 |  733.0 |
         Sewer |    272 |    272 |      0 |      0 |    142 |   1 |  272.0 |
               +--------+--------+--------+--------+--------+-----+--------+

Top non-repeatable levels by time:
     D:1: 901 daAuts
     D:2: 823 daAuts
     D:3: 474 daAuts
   Sewer: 272 daAuts
